 Dungeon Crawl Stone Soup version 0.30-a0-757-ga6a79fd877 (webtiles) character file.

Game seed: 9345781704661372818

27463 jimonade the Fighter (level 13, -4/108 HPs)
             Began as a Djinni Venom Mage on Feb 9, 2023.
             Was a Believer of Ashenzari.
             Slain by a cane toad (7 damage)
             ... on level 5 of the Lair of Beasts.
             The game lasted 00:55:52 (17191 turns).

jimonade the Fighter (Djinni Venom Mage)           Turns: 17191, Time: 00:55:53

Health: -4/108     AC:  7    Str: 11    XL:     13   Next: 66%
Gold:   673        EV: 12    Int: 24    God:    Ashenzari [**....] SH:  0 Dex: 14

rFire   + + .      SeeInvis +    a - staff of poison
rCold   . . .      Faith    .    (no shield)
rNeg    . . .      Spirit   .    B - +0 ring mail of the Eternal Doubts {Evo, Range} (curse)
rPois   ∞          Reflect  .    L - +0 helmet of Ashenzari's Vexation {Self, Melee} (curse)
rElec   .          Harm     .    (no cloak)
rCorr   .          Rampage  .    y - +0 pair of gloves of the Wild Blue Yonder {Fort, Self} (curse)
Will    +....                    (boots unavailable)
Stlth   +                        (no amulet)
HPRegen 0.38/turn                A - +6 ring of intelligence
MPRegen 0.00/turn                z - ring of protection from cold

@: radiating poison, flying
A: sickness immunity, fire resistance 2, cold vulnerability 1, float, innate
caster, HP casting, extra vitality 1
a: Renounce Religion, Curse Item, Shatter the Chains


You were on level 5 of the Lair of Beasts.
You worshipped Ashenzari.
Ashenzari was pleased with you.
You visited 3 branches of the dungeon, and saw 14 of its levels.

You collected 673 gold pieces.

Inventory:

Hand Weapons
 c - a +1 dagger of venom
 t - the +4 trident of Oclud {drain, Dex+5}
   (You took it off an orc wizard on level 6 of the Dungeon)

   Dex:       It affects your dexterity (+5).
 G - a +2 dagger of electrocution
 J - the +7 mace of Variability {chaos, chain chaos}
   (You found it on level 8 of the Dungeon)
 K - the +4 whip "Dragon's Tongue" {pain, Dex+5}
   (You found it on level 8 of the Dungeon)

   Dex:       It affects your dexterity (+5).
Armour
 m - a +0 leather armour
 y - the cursed +0 pair of gloves of the Wild Blue Yonder (worn) {Fort, Self}
   (You found it on level 4 of the Dungeon)

   It has a curse which improves the following skills: Fortitude: Armour and
   Shields.
   Introspection: Fighting and Spellcasting.
 B - the cursed +0 ring mail of the Eternal Doubts (worn) {Evo, Range}
   (You found it on level 5 of the Dungeon)

   It has a curse which improves the following skills: Evocations: Evocations.
   Ranged Combat: Ranged Weapons and Throwing.
 L - the cursed +0 helmet of Ashenzari's Vexation (worn) {Self, Melee}
   (You found it on level 2 of the Lair of Beasts)

   It has a curse which improves the following skills: Introspection: Fighting
   and Spellcasting.
   Melee Combat: Short Blades, Long Blades, Axes, Maces & Flails, Polearms,
   Staves and Unarmed Combat.
Magical Staves
 a - a staff of poison (weapon)
 b - a staff of death
 C - a staff of earth
 N - a staff of air
Jewellery
 o - a +4 ring of slaying
 v - a ring of wizardry
 z - a ring of protection from cold (right hand)
 A - a +6 ring of intelligence (left hand)
Wands
 r - a wand of iceblast (7)
 w - a wand of charming (9)
 H - a wand of polymorph (7)
 M - a wand of mindburst (8)
 O - a wand of flame (15)
Scrolls
 e - a scroll of magic mapping
 g - 11 scrolls of teleportation
 k - 4 scrolls of immolation
 l - 4 scrolls of enchant armour
 q - 14 scrolls of identify
 s - 3 scrolls of fear
 u - 2 scrolls of poison
 D - a scroll of fog
 F - 3 scrolls of enchant weapon
 I - 3 scrolls of summoning
Potions
 d - a potion of haste
 f - 4 potions of lignification
 h - 2 potions of might
 i - 4 potions of heal wounds
 n - 7 potions of curing
 x - a potion of ambrosia
 E - a potion of invisibility
Miscellaneous
 p - a phial of floods


   Skills:
 * Level 13.4(15.2) Fighting
 + Level 0.4(1.0) Short Blades
 + Level 6.5 Dodging
 - Level 1.5 Stealth
 + Level 13.2(15.1) Spellcasting


You had 12 spell levels left.
You knew the following spells:

 Your Spells              Type           Power      Damage    Failure   Level
a - Sting                 Tmut/Pois      100%       1d8       0%          1
b - Poisonous Vapours     Pois/Air       100%       N/A       1%          2
c - Mephitic Cloud        Conj/Pois/Air  94%        N/A       1%          3
d - Olgreb's Toxic Radia  Pois           94%        N/A       1%          4
e - Necrotise             Necr           100%       1d9       0%          1
f - Searing Ray           Conj           100%       2d8       1%          2
g - Inner Flame           Hex/Fire       74%        N/A       1%          3
h - Fulminant Prism       Conj/Hex       37%        3d17      1%          4
i - Borgnjor's Vile Clut  Necr/Erth      37%        N/A       1%          5
j - Summon Forest         Summ/Tloc      37%        N/A       1%          5
Your spell library was empty.

Dungeon Overview and Level Annotations

Branches:
Dungeon (8/15)             Temple (1/1) D:7            Lair (5/5) D:8
  Swamp (0/4) Lair:2        Snake (0/4) Lair:2
  Slime: Lair:4-5

Altars:
Ashenzari
Cheibriados
Dithmenos
Elyvilon
Fedhas
Gozag
Hepliaklqana
Makhleb
Okawaru
Qazlal
Ru
Trog
Uskayaw
Wu Jian
Xom
Yredelemnul
Zin

Annotations:
D:4 2 runed translucent doors, pigah's ghost, amateur OpWn


Innate Abilities, Weirdness & Mutations

You are immune to sickness and miasma.
You are immune to poison.
Your flesh is very heat resistant. (rF++)
You are vulnerable to cold. (rC-)
You float through the air rather than walking.
You learn spells naturally, not from books.
Your magical power is your life essence.
You have superior vitality. (+4 MHP)


Message History

The yak looks as sick as possible!
The yak looks even sicker.
You kill the catoblepas!
The elephant barely misses you.
The elephant trunk-slaps you but does no damage.
The yak looks even sicker.
The elephant looks as sick as possible!
A cane toad comes into view.
The elephant tramples you.
* * * LOW HITPOINT WARNING * * *
You hold your ground!
The elephant trunk-slaps you.
* * * LOW HITPOINT WARNING * * *
The yak looks as sick as possible!
The elephant looks as sick as possible!
The elephant tramples you!
* * * LOW HITPOINT WARNING * * *
You hold your ground!
The elephant trunk-slaps you but does no damage.
The yak looks as sick as possible!
The yak is poisoned.
The elephant tramples you.
* * * LOW HITPOINT WARNING * * *
You hold your ground!
The elephant trunk-slaps you.
* * * LOW HITPOINT WARNING * * *
The yak looks as sick as possible!
You kill the yak!
You kill the elephant!
You turn to flesh and can move again.
Casting: Olgreb's Toxic Radiance (safe; 1% risk of failure)
Confirm with . or Enter, or press ? or * to list all spells.
You feel a surge of power!
Your toxic radiance grows in intensity.
The yak looks as sick as possible!
* * * LOW HITPOINT WARNING * * *
You kill the yak!
The yak looks even sicker.
The elephant trumpets!
The elephant is poisoned.
You hear a trumpeting!
The cane toad stings you!
* * * LOW HITPOINT WARNING * * *
The cane toad attacks as you move away! The cane toad closely misses you.
The yak looks even sicker.
The elephant looks even sicker.
The yak barely misses you.
The yak looks as sick as possible!
The cane toad stings you!
You die...

, , , , # * , ,
..###.,, , , .... ,
, , * , , .... , .
* , ** *,..## .. #
####.P### ..., ,
##..#..#.P..#.#.. ,
..................
.......†YF@.......,
,.........#†P......
..##.....†........
, .
.......Y........* ,
,....Y.....P#P....
,,
#.#.#.#.#.####...
.<........., #.. ,
, ,*.#.#.#.#.# **
.. .........*


You could see 2 elephants, a yak (extremely poisoned) and a cane toad.

Vanquished Creatures
  Kirke (Lair:3)
  A hydra (Lair:4)
  2 catoblepae
  A boulder beetle (Lair:4)
  Nergalle (Lair:3)
  7 elephants
  2 black mambas (Lair:4)
  12 cane toads
  Joseph (D:8)
  3 rime drakes
  5 komodo dragons
  A polar bear (Lair:3)
  10 blink frogs
  27 yaks
  A wyvern (Lair:3)
  2 hogs (Lair:3)
  A wraith (D:6)
  3 basilisks
  3 chaos spawn (D:8)
  2 steam dragons
  3 vampire mosquitoes (Lair:2)
  2 nagas (Lair:2)
  18 water moccasins
  4 ice beasts
  An orc warrior (D:7)
  A black bear (Lair:3)
  An ogre (D:4)
  2 wolves
  2 centaurs
  A kobold brigand (D:6)
  2 phantoms (D:4)
  5 bullfrogs
  4 scorpions
  3 necrophages
  10 wights
  5 killer bees (D:7)
  3 electric eels
  A howler monkey (D:4)
  6 orc priests
  3 jellies
  4 hounds
  A gnoll bouda (D:8)
  4 iguanas
  10 orc wizards
  16 gnolls
  9 adders
  A shadow imp (D:6)
  A white imp (D:4)
  An ufetubus (D:3)
  A worm (D:2)
  6 dart slugs
  35 orcs
  8 ball pythons
  15 bats
  10 endoplasms
  A giant cockroach (D:1)
  8 goblins
  7 hobgoblins
  4 jackals (D:1)
  4 frilled lizards
  14 kobolds
  7 rats
  A fulminant prism (D:8)
331 creatures vanquished.

Vanquished Creatures (collateral kills)
  A komodo dragon (Lair:3)
  A wyvern (Lair:3)
  3 wolves (Lair:4)
5 creatures vanquished.

Vanquished Creatures (others)
  A human (Lair:3)
  19 fulminant prisms
  16 fungi
  80 plants
116 creatures vanquished.

Grand Total: 452 creatures vanquished

Notes
Turn   | Place    | Note
-------+----------+-------------------------------------------
     0 | D:1      | jimonade the Djinni Venom Mage began the quest for the Orb.
     0 | D:1      | jimonade set off with the following spells memorised:
                  | Sting, Poisonous Vapours, Mephitic Cloud, Olgreb's Toxic
                  | Radiance.
     0 | D:1      | Reached XP level 1. HP: 15/15 MP: 0/0
   158 | D:1      | Reached XP level 2. HP: 9/21 MP: 0/0
   684 | D:1      | Reached XP level 3. HP: 18/25 MP: 0/0
   684 | D:1      | Learned a level 1 spell: Necrotise
  1161 | D:2      | Reached XP level 4. HP: 27/31 MP: 0/0
  1694 | D:2      | Reached XP level 5. HP: 28/35 MP: 0/0
  1694 | D:2      | Learned a level 2 spell: Searing Ray
  2418 | D:3      | Found a faded altar of an unknown god.
  2517 | D:3      | Reached XP level 6. HP: 34/40 MP: 0/0
  2745 | D:3      | Found an iron altar of Okawaru.
  3011 | D:3      | Reached skill level 5 in Spellcasting
  3496 | D:4      | Reached XP level 7. HP: 30/45 MP: 0/0
  3496 | D:4      | Learned a level 3 spell: Inner Flame
  3918 | D:4      | Found a runed translucent door.
  3934 | D:4      | Noticed pigah's ghost (amateur OpWn)
  3969 | D:4      | Found a runed translucent door.
  4180 | D:4      | Reached XP level 8. HP: 5/50 MP: 0/0
  5132 | D:5      | Entered Level 5 of the Dungeon
  5780 | D:5      | Reached XP level 9. HP: 18/55 MP: 0/0
  5780 | D:5      | Learned a level 4 spell: Fulminant Prism
  6131 | D:5      | Found a bloodstained altar of Trog.
  6137 | D:5      | Found a snail-covered altar of Cheibriados.
  6141 | D:5      | Found an ornate altar of the Wu Jian Council.
  6487 | D:6      | Reached skill level 1 in Fighting
  7497 | D:6      | Identified the +4 trident of Oclud {drain, Dex+5}
  7933 | D:7      | Reached XP level 10. HP: 51/67 MP: 0/0
  8191 | D:7      | Found a staircase to the Ecumenical Temple.
  8201 | Temple   | Entered the Ecumenical Temple
  8218 | Temple   | Became a worshipper of Ashenzari the Shackled
  8438 | D:7      | Reached skill level 10 in Spellcasting
  9441 | D:8      | Found a shimmering altar of Xom.
  9442 | D:8      | Found the +7 mace of Variability {chaos, chain chaos}
  9714 | D:8      | Noticed Joseph
  9727 | D:8      | Killed Joseph
 10108 | D:8      | Noticed a komodo dragon
 10112 | D:8      | Killed a komodo dragon
 10191 | D:8      | Found a staircase to the Lair.
 10651 | D:8      | Identified the +4 whip "Dragon's Tongue" {pain, Dex+5}
 10735 | D:8      | Found a shadowy altar of Dithmenos.
 10901 | Lair:1   | Entered Level 1 of the Lair of Beasts
 10911 | Lair:1   | Reached * piety under Ashenzari
 10982 | Lair:1   | Reached skill level 5 in Fighting
 10982 | Lair:1   | Reached XP level 11. HP: 61/75 MP: 0/0
 10982 | Lair:1   | Learned a level 5 spell: Borgnjor's Vile Clutch
 12423 | Lair:2   | Found a staircase to the Snake Pit.
 12799 | Lair:2   | Reached XP level 12. HP: 76/89 MP: 0/0
 13112 | Lair:2   | Found a staircase to the Swamp.
 13474 | Lair:2   | Reached skill level 10 in Fighting
 13644 | Lair:2   | Reached ** piety under Ashenzari
 14171 | Lair:3   | Noticed Kirke
 14211 | Lair:3   | Killed Kirke
 14212 | Lair:3   | Reached skill level 5 in Dodging
 14378 | Lair:3   | Noticed a catoblepas
 14396 | Lair:3   | Killed a catoblepas
 14618 | Lair:3   | Reached XP level 13. HP: 92/105 MP: 0/0
 14618 | Lair:3   | Learned a level 5 spell: Summon Forest
 15006 | Lair:3   | Noticed Nergalle
 15017 | Lair:3   | Killed Nergalle
 16342 | Lair:4   | Noticed a seven-headed hydra
 16350 | Lair:4   | Killed a seven-headed hydra
 17160 | Lair:5   | Entered Level 5 of the Lair of Beasts
 17164 | Lair:5   | Noticed a catoblepas
 17183 | Lair:5   | Killed a catoblepas
 17189 | Lair:5   | HP: 2/108 [cane toad (7)]
 17191 | Lair:5   | Slain by a cane toad

Illustrated notes

Levels and vault maps discovered:
D:1:      dpeg_arrival_signposts, layout_rooms
D:2:      layout_loops_ring
D:3:      layout_basic, nicolae_vehumet_altar_sigil, okawaru_trees_1,
          shapermc_ecumenical_altar_starsandcircs, eino_curves_04
D:4:      minmay_chambers_of_fours, layout_gridville, ebering_ghost_sewer_f
D:5:      layout_loops_ring, grunt_temple_overflow_diamond, kennysheep_nub
D:6:      layout_loops_ring, overflow_temple_1_default
D:7:      layout_rooms, minmay_temple_entry_antechambers
D:8:      layout_basic, nicolae_dithmenos_through_a_glass_darkly,
          david_lair_shrubbed, minmay_guarded_unrand_variability, uniq_joseph
Temple:   nicolae_temple_god_jail
Lair:1:   layout_gridlike, beast_lair_carwin_8, grunt_megastairs_1
Lair:2:   layout_regular_city, minmay_swamp_entry_swarm,
          guppyfry_snake_entry_garden, nicolae_quartered_pool_super,
          minivault_11, serial_bayou_shore_a
Lair:3:   layout_loops_ring, serial_bayou_pond_a, roderic_batcave,
          serial_bayou_pond_d, wad_woods_river_01, uniq_kirke, uniq_nergalle
Lair:4:   layout_regular_city, serial_bayou_shore_b
Lair:5:   gammafunk_lair_ancient_temple, layout_long_grid, slime_entry_1,
          st_stairs_11

Skill      XL: |  1  2  3  4  5  6  7  8  9 10 11 12 13 |
---------------+----------------------------------------+-----
Spellcasting   | 3 4 5 6 8 9 11 12 13 | 13.2
Dodging        | 3 4 5 6 |  6.5
Fighting       | 3 5 8 12 13 | 13.4
Short Blades   | |  0.4
Stealth        | |  1.5

Action                     |  1- 3 |  4- 6 |  7- 9 | 10-12 | 13-15 || total
---------------------------+-------+-------+-------+-------+-------++-------
  Melee: Staff             |       |       |       |     1 |     1 ||     2
   Cast: Sting             |    67 |    79 |       |       |       ||   146
         Mephitic Cloud    |       |    18 |     7 |     5 |       ||    30
         Searing Ray       |       |    21 |    30 |    10 |     3 ||    64
         Poisonous Vapours |       |       |    79 |    62 |    24 ||   165
         Olgreb's Toxic Ra |       |       |    23 |    59 |     7 ||    89
         Inner Flame       |       |       |    15 |    11 |       ||    26
         Fulminant Prism   |       |       |     2 |    18 |       ||    20
         Borgnjor's Vile C |       |       |       |    65 |    39 ||   104
         Summon Forest     |       |       |       |       |     5 ||     5
 Invoke: Curse Item        |       |       |       |     4 |       ||     4
         Shatter the Chain |       |       |       |     1 |       ||     1
 Armour: Robe              |     7 |    10 |     7 |       |       ||    24
         Ring mail         |       |       |     6 |    11 |     6 ||    23
  Dodge: Dodged            |    27 |    23 |    33 |    24 |    11 ||   118

Table legend: (Time is in decaauts)
 A = Elapsed time spent in this place.
 B = Non-inter-level travel time spent in this place.
 C = Inter-level travel time spent in this place.
 D = Time resting spent in this place.
 E = Time spent auto-exploring this place.
 F = Levels seen in this place.
 G = Mean time per level.
                   A        B        C        D        E       F      G
               +--------+--------+--------+--------+--------+-----+--------+
         Total |  17206 |  16500 |    706 |   1825 |  11573 |  14 | 1229.0 |
       Dungeon |  10887 |  10320 |    567 |   1414 |   6810 |   8 | 1360.9 |
        Temple |     69 |     56 |     13 |      0 |     36 |   1 |   69.0 |
          Lair |   6249 |   6124 |    125 |    411 |   4727 |   5 | 1249.8 |
               +--------+--------+--------+--------+--------+-----+--------+

Top non-repeatable levels by time:
  Lair:3: 2042 daAuts
     D:8: 1730 daAuts
     D:4: 1706 daAuts
  Lair:2: 1608 daAuts
     D:6: 1460 daAuts
     D:3: 1444 daAuts
  Lair:1: 1426 daAuts
     D:7: 1168 daAuts
     D:2: 1168 daAuts
  Lair:4: 1142 daAuts
     D:1: 1122 daAuts
     D:5: 1084 daAuts
  Temple: 69 daAuts
  Lair:5: 30 daAuts
